 Dungeon Crawl Stone Soup version 0.24.0-125-gc4c63601f3 (webtiles) character file.

Game seed: 476075423241245407, levelgen mode: deterministic

28 BuffBuff the Shield-Bearer (level 3, -1/19 HPs)
             Began as a Vine Stalker Fighter on Mar 12, 2020.
             Killed by nerve-wracking pain
             ... invoked by a shadow imp
              (11 damage)
             ... on level 2 of the Dungeon.
             The game lasted 00:09:41 (843 turns).

BuffBuff the Shield-Bearer (Vine Stalker Fighter)    Turns: 843, Time: 00:09:42

Health: -1/19      AC:  6    Str: 19    XL:     3   Next: 14%
Magic:  0/4        EV:  7    Int:  8    God:
Gold:   72         SH:  9    Dex: 13    Spells: 2/2 levels left

rFire    . . .     SeeInvis .     - Unarmed
rCold    . . .     Gourm    .   b - +0 shield
rNeg     . . .     Faith    .   a - +0 scale mail
rPois    .         Spirit   +   (no helmet)
rElec    .         Reflect  .   (no cloak)
rCorr    .         Harm     .   (no gloves)
MR       .....                  (no boots)
Stlth    ..........             (no amulet)
HPRegen  0.06/turn              (no ring)
MPRegen  0.09/turn              (no ring)

@: lethally poisoned (-1 -> -7)
A: fangs 2, magic shield, antimagic bite, no potion heal 3, rot immunity
a: no special abilities


You were on level 2 of the Dungeon.
You were not hungry.

You visited 1 branch of the dungeon, and saw 2 of its levels.

You collected 72 gold pieces.

Inventory:

Missiles
 e - 10 poisoned darts (quivered)
Armour
 a - a +0 scale mail (worn)
 b - a +0 shield (worn)
 l - a +0 chain mail
Jewellery
 i - an uncursed ring of stealth
Scrolls
 f - a scroll of identify {unknown}
 h - a scroll of random uselessness {unknown}
 j - a scroll of remove curse {unknown}
Potions
 c - a potion of might
 g - a potion of degeneration {unknown}
 k - a potion of berserk rage {unknown}
 m - a potion of invisibility {unknown}
Comestibles
 d - 4 rations


   Skills:
 + Level 2.9 Fighting
 + Level 2.6 Armour
 + Level 0.1 Dodging
 + Level 3.1 Shields
 * Level 2.5 Unarmed Combat


You had 2 spell levels left.
You didn't know any spells.
Your spell library was empty.

Dungeon Overview and Level Annotations

Branches:
Dungeon (2/15)

Altars:


Innate Abilities, Weirdness & Mutations

You have extremely sharp teeth.
When hurt, damage is shared between your health and your magic reserves.
Your bite disrupts and absorbs the magic of your enemies.
Potions cannot restore your health.
You are immune to rotting.


Message History

The adder is almost dead.
You feel sick. The shadow imp barely misses you. You block the adder's attack.
You hit the adder. Your bite misses the adder.
The adder is almost dead.
You block the adder's attack. The shadow imp barely misses you.
The adder bites you.
You barely miss the adder. Your bite misses the adder.
The adder is almost dead.
The shadow imp hits you but does no damage.
You block the adder's attack.
Your shield and scale mail prevent you from hitting the adder.
The adder is almost dead.
You feel sick.
The shadow imp hits you but does no damage.
The adder closely misses you.
The shadow imp grinds its teeth.
The shadow imp gestures at you. Pain shoots through your body!
Ouch! That really hurt!
You die...

#......#.#.............<.#.#
#.....#..#......##.#.(...# #
#.......##....<..#.#)#####
#.....###..>.......#.#####.
#.....##....................
.........#..........#.......
######..........#..##.######
#...#......#.....#
#.........^@5.>..#
#..#....####S.....#
##...#### #..###.. ##..###
#..# #...# ...


PPPPP# .##. .....P# .# .. PPP.P.P )# #. P.P.P You could see an adder and a
shadow imp.

Vanquished Creatures
  A ball python (D:1)
  2 giant cockroaches (D:1)
  2 goblins (D:1)
  2 hobgoblins (D:1)
  3 jackals (D:1)
  5 bats (D:1)
  A frilled lizard (D:1)
  4 kobolds
  8 rats
28 creatures vanquished.

Notes
Turn   | Place    | Note
-------+----------+-------------------------------------------
     0 | D:1      | BuffBuff the Vine Stalker Fighter began the quest for the
                  | Orb.
     0 | D:1      | Reached XP level 1. HP: 11/11 MP: 2/2
    98 | D:1      | Reached XP level 2. HP: 16/16 MP: 3/3
   193 | D:1      | Reached skill level 3 in Shields
   439 | D:1      | Reached XP level 3. HP: 19/19 MP: 4/4
   843 | D:2      | Killed from afar by a shadow imp

Levels and vault maps discovered:
D:1:      scummos_arrival_forest, layout_loops_ring, minmay_statues_item
D:2:      layout_rooms, minmay_hedge_maze, minmay_pentomino_u4

Skill      XL: |  1  2 |
---------------+-------+-----
Shields        | 3 |  3.1
Fighting       | |  2.9
Armour         | |  2.6
Dodging        | |  0.1
Unarmed Combat | |  2.5

Action                   || total
-------------------------++-------
Melee: Unarmed           ||    99
       Bite              ||    24
Armor: Scale mail        ||    55
Dodge: Dodged            ||    28
Block: Shield            ||    49
